 Dungeon Crawl Stone Soup version 0.22-a0-409-gb855193 (webtiles) character file.

53 nikopol the Firebug (level 3, -1/19 HPs)
             Began as a Deep Elf Fire Elementalist on May 10, 2018.
             Slain by an adder (3 damage)
             ... on level 2 of the Dungeon.
             The game lasted 00:03:54 (729 turns).

nikopol the Firebug (Deep Elf Fire Elementalist)     Turns: 729, Time: 00:03:54

Health: -1/19      AC:  2    Str:  5    XL:     3   Next: 64%
Magic:  0/10       EV: 13    Int: 20    God:
Gold:   42         SH:  0    Dex: 15    Spells: 6/9 levels left

rFire    . . .     SeeInvis .   e - +0 dagger
rCold    . . .     Gourm    .   (no shield)
rNeg     . . .     Faith    .   k - +0 robe (curse)
rPois    .         Spirit   .   (no helmet)
rElec    .         Reflect  .   (no cloak)
rCorr    .         Harm     .   (no gloves)
MR       .....                  (no boots)
Stlth    ++........             (no amulet)
HPRegen  0.06/turn              (no ring)
MPRegen  0.12/turn              (no ring)

@: very slightly contaminated
A: no striking features
a: no special abilities


You were on level 2 of the Dungeon.
You were not hungry.

You visited 1 branch of the dungeon, and saw 2 of its levels.

You collected 42 gold pieces.

Inventory:

Hand Weapons
 e - a +0 dagger (weapon)
Armour
 a - a +0 robe
 k - a cursed +0 robe (worn)
Scrolls
 b - 2 scrolls of identify {unknown}
 g - a scroll of noise {unknown}
 j - a scroll of blinking {unknown}
Potions
 d - 2 potions of haste {unknown}
 f - 2 potions of might {unknown}
 h - 2 potions of curing {unknown}
Comestibles
 c - 2 rations
 i - 6 chunks of flesh


   Skills:
 + Level 2.5 Dodging
 + Level 2.6 Stealth
 + Level 3.9 Spellcasting
 + Level 1.5 Conjurations
 + Level 4.3 Fire Magic


You had 6 spell levels left.
You knew the following spells:

 Your Spells              Type           Power        Failure   Level  Hunger
a - Flame Tongue          Conj/Fire      ###..        4%          1    None
b - Throw Flame           Conj/Fire      ###...       6%          2    ##.....


Dungeon Overview and Level Annotations

Branches:
Dungeon (2/15)

Altars:


Message History

* * * LOW HITPOINT WARNING * * *
Casting: Flame Tongue (safe; 4% risk of failure)
Confirm with . or Enter, or press ? or * to list all spells.
Aiming: Flame Tongue (safe; 4% risk of failure)
Press: ? - help, Shift-Dir - straight line, f/p - orc priest
Aim: an orc priest, wielding a mace (almost dead)
The flame tongue hits the orc priest.
You kill the orc priest!
You have reached level 3!
Your experience leads to an increase in your attributes!
Increase (S)trength, (I)ntelligence, or (D)exterity?
You feel clever.
Casting: Flame Tongue (safe; 4% risk of failure)
Confirm with . or Enter, or press ? or * to list all spells.
Aiming: Flame Tongue (safe; 4% risk of failure)
Press: ? - help, Shift-Dir - straight line, f - adder
Aim: an adder The flame tongue hits the adder.
The adder appears unharmed.
The adder bites you.
You die...

# ..# #. ..## #.# ..###
##### #.# #..#......
#.# ##@So.8⌠8. #)#
###..#......
#.####(.### ##### ###
#.##..###.#########.###
#...### #>............#
#.### ####.#.#.##.#.#
#.# ####.#.#.##)#.##
#.# #....#.#....#..#
#.# #.####.####.#♣.♣


You could see an adder and an orc.

Vanquished Creatures
  An orc priest (D:2)
  A dart slug (D:1)
  A leopard gecko (D:1)
  An orc (D:2)
  2 ball pythons (D:1)
  2 goblins
  A hobgoblin (D:2)
  A jackal (D:1)
  A bat (D:2)
  2 frilled lizards
  4 kobolds (D:1)
  6 rats
23 creatures vanquished.

Notes
Turn   | Place    | Note
-------+----------+-------------------------------------------
     0 | D:1      | nikopol the Deep Elf Fire Elementalist began the quest for the Orb.
     0 | D:1      | Reached XP level 1. HP: 10/10 MP: 6/6
   178 | D:1      | Reached XP level 2. HP: 15/15 MP: 5/8
   182 | D:1      | Learned a level 2 spell: Throw Flame
   637 | D:2      | Reached skill level 4 in Fire Magic
   728 | D:2      | Reached XP level 3. HP: 2/19 MP: 1/10
   729 | D:2      | Slain by an adder

Vault maps used:
D:1:      minmay_arrival_open_corners
D:2:      serial_forest, infiniplex_forest_end_2, infiniplex_forest_corner_1,
          infiniplex_forest_lined_room_, infiniplex_forest_lined_3_way,
          infiniplex_forest_lined_room_3, infiniplex_forest_clump_diagonal,
          infiniplex_forest_fountain, infiniplex_forest_corner_1,
          grunt_decor_clamped, minmay_split_cup_large

Skill      XL: |  1  2 |
---------------+-------+-----
Fire Magic     | 4 |  4.3
Dodging        | |  2.5
Stealth        | |  2.6
Spellcasting   | |  3.9
Conjurations   | |  1.5

Action                   || total
-------------------------++-------
 Cast: Flame Tongue      ||    40
Armor: Robe              ||     1
Dodge: Dodged            ||     6

Table legend:
 A = Spawn XP
 B = Non-spawn XP
 C = Spawn XP percentage of total XP
 D = Spawn monster count
 E = Non-spawn monster count
 F = Spawn count percentage of total count
 G = Total turns spent on level
                    A         B        C        D         E        F      G
               +---------+---------+-------+---------+---------+-------+---------
         Total |       0 |      77 |   0.0 |       0 |      23 |   0.0 |   729
               +---------+---------+-------+---------+---------+-------+---------
           D:1 |       0 |      24 |   0.0 |       0 |      14 |   0.0 |   539
           D:2 |       0 |      53 |   0.0 |       0 |       9 |   0.0 |   190
               +---------+---------+-------+---------+---------+-------+---------
